 Dungeon Crawl Stone Soup version 0.17.1-3-g152610e (webtiles) character file.

89151 Goblin1989 the Impaler (level 15, -8/120 HPs)
             Began as a Merfolk Skald on Feb 16, 2016.
             Was the Champion of Okawaru.
             Shot with a poisoned bolt by a yaktaur (28 damage)
             ... on level 13 of the Dungeon on Feb 18, 2016.
             The game lasted 03:11:23 (30153 turns).

Goblin1989 the Impaler (Merfolk Skald)             Turns: 30153, Time: 03:11:23

Health: -8/120     AC: 14    Str: 23    XL:     15   Next: 96%
Magic:  4/11       EV: 20    Int: 12    God:    Okawaru [******]
Gold:   2780       SH:  0    Dex: 14    Spells: 6 memorised, 7 levels left

rFire  + . .     SeeInvis .     l - +7 halberd "Qeodoadi" {elec, rF+ rN+ MR+ MP-9}
rCold  + + .     Clarity  .     s - +0 troll leather armour {Purgy}
rNeg   + . .     SustAt   .     (shield currently unavailable)
rPois  .         Gourm    .     D - +3 hat of a labyrinth {rC++}
rElec  .         Spirit   .     (no cloak)
rCorr  .         Warding  .     v - +2 pair of gloves
rMut   .         Stasis   +     H - +0 pair of boots
MR     ++...                    x - amulet of stasis
Stlth  +.........               P - +3 ring of protection
                                b - +5 ring of strength

@: lethally poisoned (-8 -> -10), regenerating (expiring), very resistant to
hostile enchantments, very unstealthy
A: change form in water, swift swim, fangs 1
a: Heroism, Finesse, Renounce Religion


You were on level 13 of the Dungeon.
You worshipped Okawaru.
Okawaru was exalted by your worship.
You were near starving.

You visited 3 branches of the dungeon, and saw 25 of its levels.
You also visited: Sewer.

You collected 3149 gold pieces.
You spent 369 gold pieces at shops.

Inventory:

Hand Weapons
 l - the +7 halberd "Qeodoadi" (weapon) {elec, rF+ rN+ MR+ MP-9}
   (Okawaru gifted it to you on level 3 of the Lair of Beasts)

   Occasionally, upon striking a foe, it will discharge some electrical energy
   and cause terrible harm.
   It protects you from fire.
   It protects you from negative energy.
   It affects your resistance to hostile enchantments.
   It affects your magic capacity (-9).
 Y - the +3 halberd of Defence by Offence {flame, Int+3}
   (Okawaru gifted it to you on level 12 of the Dungeon)

   It has been specially enchanted to burn those struck by it, causing extra
   injury to most foes and up to half again as much damage against particularly
   susceptible opponents.
   Big, fiery blades are also staple armaments of hydra-hunters.
   It affects your intelligence (+3).
Armour
 s - a +0 troll leather armour (worn) {Purgy}
 v - a +2 pair of gloves (worn)
 D - the +3 hat of a labyrinth (worn) {rC++}
   (You found it on level 8 of the Dungeon)

   It greatly protects you from cold.
 H - a +0 pair of boots (worn)
Jewellery
 a - an uncursed ring of protection from magic
 b - a +5 ring of strength (left hand)
 p - an uncursed ring of fire
 x - an amulet of stasis (around neck)
 y - an uncursed amulet of resist corrosion
 L - an uncursed ring of magical power
 P - a +3 ring of protection (right hand)
 R - an uncursed ring of see invisible
Wands
 i - a wand of heal wounds (4)
 U - a wand of draining (7)
 V - a wand of lightning (8)
 W - a wand of teleportation (7)
Scrolls
 c - 3 scrolls of identify
 e - 3 scrolls of recharging
 g - 3 scrolls of magic mapping
 j - 8 scrolls of remove curse
 n - 2 scrolls of blinking
 o - a scroll of summoning
 r - 3 scrolls of immolation
 G - 3 scrolls of fear
 I - 4 scrolls of fog
 J - a scroll of silence
 K - 5 scrolls of teleportation
 N - 2 scrolls of amnesia
Potions
 f - 5 potions of curing
 h - a potion of magic
 k - 3 potions of agility
 m - 6 potions of flight
 u - 3 potions of heal wounds
 z - 2 potions of resistance
 A - 3 potions of berserk rage
 B - 5 potions of cancellation
 E - 3 potions of lignification
 F - 3 potions of haste
 M - 3 potions of might
 T - a potion of invisibility
 X - a potion of brilliance
Books
 C - a book of Clouds

   Spells                             Type                      Level
   a - Mephitic Cloud                 Conjuration/Poison/Air       3
   b - Conjure Flame                  Conjuration/Fire             3
   c - Poisonous Cloud                Conjuration/Poison/Air       6
   d - Freezing Cloud                 Conjuration/Ice/Air          6
   e - Ring of Flames                 Charms/Fire                  7
Comestibles
 d - 15 bread rations
 q - 41 fruits
 w - 4 meat rations
 Z - a beef jerky


   Skills:
 - Level 11.9 Fighting
 - Level 20.0 Polearms
 * Level 1.3 Armour
 - Level 13.3 Dodging
   Level 4.1 Shields
 - Level 3.7 Spellcasting
 + Level 10.4 Hexes
 + Level 11.9 Charms
 - Level 3.5 Necromancy
 - Level 3.9 Translocations
 - Level 6.4 Invocations


You had 7 spell levels left.
You knew the following spells:

 Your Spells              Type           Power        Failure   Level  Hunger
a - Infusion              Chrm           ####..       1%          1    #......
b - Shroud of Golubria    Chrm/Tloc      ###.......   1%          2    ##.....
c - Song of Slaying       Chrm           ####....     1%          2    ##.....
d - Regeneration          Chrm/Necr      ###.......   3%          3    ###....
e - Spectral Weapon       Hex/Chrm       ####....     1%          3    ###....
f - Tukima's Dance        Hex            ####....     1%          3    ###....


Dungeon Overview and Level Annotations

Branches:
Dungeon (13/15)            Temple (0/1) D:4            Lair (8/8) D:11
  Swamp (0/4) Lair:4        Snake (0/4) Lair:6        Slime (0/6) Lair:6
    Orc (4/4) D:12            Elf (0/3) Orc:3
 Vaults: D:13-14

Altars:
Ashenzari
Cheibriados
Dithmenos
Elyvilon
Fedhas
Kikubaaqudgha
Nemelex Xobeh
Okawaru
Qazlal
Ru
Sif Muna
Trog
Xom
Yredelemnul
The Shining One
Beogh

Shops:
D:4 [   D:8 *   Orc:4 %%%*

Portals:
Trove: D:11 (give 19 scrolls of identify)

Annotations:
D:2 1 exclusion
D:5 exclusion: downstairs
D:6 WarriorsX's ghost, novice HuFi


Innate Abilities, Weirdness & Mutations

You revert to your normal form in water.
You are very nimble and swift while swimming.
You have very sharp teeth.


Message History

Press: ? - help, Shift-Dir - straight line, f/p - yaktaur
Aim: a yaktaur, wielding an arbalest (severely wounded, chance to defeat MR: 69%)
The arbalest vibrates crazily for a second.
You are near starving!
You feel very sick. The centaur warrior closely misses you.
The centaur warrior hits you!
* * * LOW HITPOINT WARNING * * *
Evoke which item? (* to show all) (? for menu, Esc to quit)
Zapping:
i - a wand of heal wounds (5)
Press: ? - help, Shift-Dir - straight line, f - you, p - yaktaur You feel much better.
This wand has 4 charges left.
You feel very sick. The centaur warrior hits you.
The yaktaur shoots a poisoned bolt.
The poisoned bolt barely misses you.
You feel very sick.
The centaur warrior wields an uncursed shortbow.
The centaur warrior shoots an arrow.
The arrow hits you!!
* * * LOW HITPOINT WARNING * * *
The yaktaur shoots a poisoned bolt.
The poisoned bolt hits you!!
You die...

.. #%# .... ....#
#...#### #......####
#......@((# ...#.c(###.#
#.# #....###.## #.#
#c)...###.######.#
#.....#...........#.#
#$###.#....#.####.#.####
# ..#.....## #....##.
#.....#...# #.......
#.###.#...# ##...#..


You could see a centaur warrior and a yaktaur.

Vanquished Creatures
  Harold (D:11)
  9 hydras
  Erolcha (D:8)
  2 ice dragons
  A catoblepas (Lair:8)
  2 ogre magi (Orc:4)
  5 death yaks
  An orc high priest (D:12)
  A skeletal warrior (D:13)
  6 hill giants
  2 deep trolls (Orc:4)
  Pikel (D:4)
  3 unseen horrors
  2 lindwurms (Lair:8)
  2 ugly things (D:13)
  An orc sorcerer (Orc:4)
  2 cyclopes (Orc:4)
  2 orc knights
  A centaur zombie (D:10)
  Maurice (Orc:2)
  2 black mambas
  7 torpor snails
  3 fire drakes
  2 molten gargoyles (Lair:4)
  A gargoyle (D:12)
  15 spiny frogs
  3 centaur skeletons
  9 komodo dragons
  2 giant leeches (Lair:8)
  A guardian mummy (D:11)
  A polar bear (Lair:3)
  Grinder (D:5)
  6 two-headed ogres (Orc:4)
  28 blink frogs
  9 trolls
  70 yaks
  3 spriggans (Lair:5)
  2 wyverns
  2 wraiths
  3 deep elf magi (D:13)
  Eustachio (D:6)
  18 hippogriffs
  4 basilisks
  4 hungry ghosts
  3 wargs
  16 wolves
  A soldier ant (D:12)
  10 porcupines
  A naga (Lair:6)
  Duvessa (D:4)
  6 swamp worms (Lair:4)
  14 water moccasins
  9 sky beasts
  Purgy (Sewer)
  2 ice beasts
  2 black bears
  5 wasps
  20 orc warriors
  4 phantoms
  10 centaurs
  7 crocodiles
  2 necrophages
  24 ogres
  A big kobold (D:8)
  4 brain worms (Lair:8)
  13 giant frogs
  Dowan (D:5)
  5 wights (D:9)
  A killer bee (D:11)
  4 scorpions
  5 lava snakes (Lair:4)
  9 electric eels
  8 crimson imps
  3 giant frog zombies
  2 quasits
  7 hounds
  2 giant frog skeletons
  18 orc priests
  32 orc wizards
  12 worker ants
  12 iguanas
  28 sheep
  The ghost of ololoev the Skirmisher, a weakling DsFi (D:3)
  3 hound zombies
  3 hound skeletons
  3 worker ant zombies
  17 adders
  2 gnolls (D:2)
  50 river rats
  3 shadow imps
  3 oozes
  2 adder skeletons
  14 worms (Lair:8)
  6 giant geckos
  179 orcs
  11 bats
  10 goblins
  8 hobgoblins
  13 jackals
  14 kobolds
  3 quokkas
  2 ball pythons
  5 giant cockroaches
  3 giant newts
  2 gnoll zombies (D:7)
  A jackal skeleton (D:4)
  A quokka skeleton (D:4)
  7 rats
  2 plants (Lair:8)
916 creatures vanquished.

Vanquished Creatures (collateral kills)
  Sonja (Orc:2)
1 creature vanquished.

Vanquished Creatures (others)
  A centaur (D:5)
  5 sheep (D:8)
  A giant gecko skeleton (D:5)
  2 bushes
  4 fungi
  23 plants
  29 spectral weapons
65 creatures vanquished.

Grand Total: 982 creatures vanquished

Notes
Turn   | Place    | Note
--------------------------------------------------------------
     0 | D:1      | Goblin1989 the Merfolk Skald began the quest for the Orb.
     0 | D:1      | Reached XP level 1. HP: 16/16 MP: 3/3
   172 | D:1      | Reached XP level 2. HP: 22/22 MP: 5/5
   807 | D:1      | Reached XP level 3. HP: 26/28 MP: 6/6
   950 | D:1      | Learned a level 2 spell: Shroud of Golubria
  1057 | D:2      | Found a white marble altar of Elyvilon.
  1174 | D:2      | Reached skill level 4 in Polearms
  1527 | D:2      | Found a stormy altar of Qazlal.
  1732 | D:2      | Learned a level 2 spell: Song of Slaying
  1794 | D:2      | Reached skill level 1 in Translocations
  1794 | D:2      | Reached XP level 4. HP: 32/34 MP: 7/7
  2789 | D:2      | Reached skill level 5 in Polearms
  2896 | D:2      | Found a glowing golden altar of the Shining One.
  3208 | D:2      | Found an iron altar of Okawaru.
  3222 | D:2      | Became a worshipper of Warmaster Okawaru
  3428 | D:3      | Noticed ololoev's ghost (weakling DsFi)
  3475 | D:3      | Reached XP level 5. HP: 20/40 MP: 8/8
  3841 | D:3      | Found a glowing drain.
  3851 | Sewer    | Entered a sewer
  3938 | Sewer    | Learned a level 3 spell: Regeneration
  4080 | Sewer    | Noticed Purgy
  4128 | Sewer    | Killed Purgy
  4128 | Sewer    | Reached skill level 1 in Necromancy
  4128 | Sewer    | Reached XP level 6. HP: 45/47 MP: 9/9
  4295 | D:3      | Killed ololoev's ghost
  4813 | D:4      | Noticed a phantom
  4921 | D:3      | Killed a phantom
  5116 | D:4      | Found Fycselis's Armour Shop.
  5126 | D:4      | Bought a +0 buckler of reflection for 119 gold pieces
  5376 | D:4      | Reached skill level 6 in Polearms
  5387 | D:4      | Found a sparkling altar of Nemelex Xobeh.
  5433 | D:4      | Noticed an ogre
  5655 | D:4      | Reached XP level 7. HP: 52/52 MP: 10/10
  5814 | D:4      | Reached skill level 1 in Shields
  6170 | D:4      | Got a distressingly furry robe
  6188 | D:3      | Identified the +2 robe of Oblivion {rF+ rC+ rN+ Dex+4} (You took it off an orc on level 4 of the Dungeon)
  6715 | D:4      | Noticed a slave
  6718 | D:4      | Noticed a slave
  6739 | D:4      | Found a staircase to the Ecumenical Temple.
  6842 | D:5      | Entered Level 5 of the Dungeon
  6842 | D:5      | Found a bloodstained altar of Trog.
  6996 | D:5      | Found a blossoming altar of Fedhas.
  7198 | D:5      | Noticed Dowan
  7204 | D:5      | Noticed Duvessa
  7242 | D:5      | Killed Dowan
  7242 | D:5      | Reached * piety under Okawaru
  7407 | D:5      | Noticed Grinder
  7463 | D:4      | Killed Duvessa
  7463 | D:4      | Reached skill level 5 in Dodging
  7463 | D:4      | Reached XP level 8. HP: 36/60 MP: 7/11
  7572 | D:4      | Noticed Pikel
  7572 | D:4      | Noticed a slave
  7643 | D:4      | Noticed a slave
  7716 | D:5      | Killed Grinder
  7716 | D:5      | Reached skill level 7 in Polearms
  7722 | D:5      | Learned a level 3 spell: Spectral Weapon
  7960 | D:6      | Found a shattered altar of Ashenzari.
  7996 | D:6      | Found a shadowy altar of Dithmenos.
  8155 | D:6      | Noticed WarriorsX's ghost (novice HuFi)
  8160 | D:6      | Upgraded the game from 0.17.1-2-g5865329 to 0.17.1-3-g152610e
  8269 | D:4      | Killed an ogre
  8308 | D:4      | Reached skill level 1 in Hexes
  8585 | D:4      | Killed Pikel
  8585 | D:4      | Reached ** piety under Okawaru
  8585 | D:4      | Reached XP level 9. HP: 67/67 MP: 7/12
  8731 | D:5      | Reached skill level 5 in Fighting
  8731 | D:5      | Reached skill level 8 in Polearms
  8772 | D:6      | Found a sparkling altar of Nemelex Xobeh.
  8985 | D:6      | Noticed Eustachio
  9030 | D:6      | Killed Eustachio
  9301 | D:7      | Reached *** piety under Okawaru
  9301 | D:7      | Reached skill level 5 in Charms
  9349 | D:7      | Found a shimmering altar of Xom.
 10156 | D:7      | Found a basalt altar of Yredelemnul.
 10338 | D:8      | Reached skill level 9 in Polearms
 10632 | D:8      | Reached XP level 10. HP: 42/76 MP: 13/13
 10896 | D:8      | Got a warped hat
 10902 | D:8      | Identified the +3 hat of a labyrinth {rC++} (You found it on level 8 of the Dungeon)
 10904 | D:8      | Found an ancient bone altar of Kikubaaqudgha.
 10918 | D:8      | Noticed Erolcha
 10999 | D:8      | Found Haqilauwk's General Store.
 11009 | D:7      | Reached skill level 10 in Polearms
 11167 | D:8      | Bought a +1 glaive of chopping for 250 gold pieces
 11943 | D:9      | Reached **** piety under Okawaru
 12257 | D:9      | Found a snail-covered altar of Cheibriados.
 12291 | D:9      | Found a sacrificial altar of Ru.
 12359 | D:9      | Got a transparent robe
 12370 | D:9      | Identified the cursed +0 robe of Ejuxtal {Int+3} (You found it on level 9 of the Dungeon)
 12460 | D:10     | Entered Level 10 of the Dungeon
 12485 | D:10     | Found a blossoming altar of Fedhas.
 12545 | D:10     | Reached skill level 11 in Polearms
 13236 | D:10     | Reached skill level 5 in Hexes
 13721 | D:10     | Found a deep blue altar of Sif Muna.
 13745 | D:10     | Identified Sif Muna's Handbook of Enhancements
 13869 | D:11     | Reached skill level 12 in Polearms
 13960 | D:10     | Reached XP level 11. HP: 61/84 MP: 14/14
 14184 | D:11     | Killed an unseen horror
 15014 | D:11     | Noticed a hill giant
 15048 | D:11     | Killed a hill giant
 15048 | D:11     | Received a gift from Okawaru
 15442 | D:11     | Found a portal to a secret trove of treasure.
 15785 | D:11     | Noticed Harold
 15839 | D:11     | Killed Harold
 15839 | D:11     | Reached ***** piety under Okawaru
 15839 | D:11     | Reached skill level 13 in Polearms
 15905 | D:11     | Reached skill level 16 in Polearms
 15905 | D:11     | Reached XP level 12. HP: 71/93 MP: 17/17
 15995 | D:11     | Found a staircase to the Lair.
 16028 | Lair:1   | Entered Level 1 of the Lair of Beasts
 16114 | Lair:1   | Noticed a seven-headed hydra
 16185 | Lair:1   | Killed a seven-headed hydra
 16185 | Lair:1   | Reached skill level 17 in Polearms
 16243 | Lair:1   | Learned a level 3 spell: Tukima's Dance
 16316 | Lair:1   | Received a gift from Okawaru
 16335 | Lair:1   | Reached skill level 10 in Dodging
 16583 | Lair:1   | Reached XP level 13. HP: 36/100 MP: 18/18
 17244 | Lair:2   | Reached skill level 18 in Polearms
 17940 | Lair:3   | Received a gift from Okawaru
 17945 | Lair:3   | Got a twisted halberd {god gift}
 17946 | Lair:3   | Identified the +7 halberd "Qeodoadi" {elec, rF+ rN+ MR+ MP-9} (Okawaru gifted it to you on level 3 of the Lair of Beasts)
 18913 | Lair:4   | Reached skill level 19 in Polearms
 18997 | Lair:4   | Received a gift from Okawaru
 18998 | Lair:4   | Got a transparent spear {god gift}
 19007 | Lair:4   | Identified the +9 spear "Raubbai" {vamp, Str+5 Int+4 Stlth+} (Okawaru gifted it to you on level 4 of the Lair of Beasts)
 19103 | Lair:4   | Reached skill level 10 in Fighting
 19345 | Lair:4   | Found a shadowy altar of Dithmenos.
 19857 | Lair:4   | Found a staircase to the Swamp.
 20100 | Lair:5   | Reached XP level 14. HP: 88/110 MP: 10/19
 21223 | Lair:5   | Reached skill level 20 in Polearms
 21334 | Lair:6   | Found a staircase to the Slime Pits.
 21728 | Lair:6   | Found a staircase to the Snake Pit.
 22281 | Lair:7   | Received a gift from Okawaru
 22386 | Lair:7   | Reached skill level 10 in Charms
 22798 | Lair:7   | Reached ****** piety under Okawaru
 23214 | Lair:8   | Entered Level 8 of the Lair of Beasts
 23646 | Lair:8   | Received a gift from Okawaru
 24052 | Lair:8   | Reached XP level 15. HP: 119/119 MP: 11/20
 24341 | Lair:8   | Found a runed door.
 24377 | Lair:8   | Reached skill level 1 in Invocations
 25466 | D:12     | Received a gift from Okawaru
 25467 | D:12     | Got an ancient halberd {god gift}
 25468 | D:12     | Identified the +3 halberd of Defence by Offence {flame, Int+3} (Okawaru gifted it to you on level 12 of the Dungeon)
 25568 | D:12     | Found a staircase to the Orcish Mines.
 25618 | D:12     | Found a runed door.
 25880 | D:12     | Gained mutation: You have very sharp teeth. [potion of beneficial mutation]
 25931 | Orc:1    | Entered Level 1 of the Orcish Mines
 26335 | Orc:2    | Noticed Sonja
 26350 | Orc:2    | Killed Sonja
 26700 | Orc:2    | Noticed Maurice
 26706 | Orc:2    | Killed Maurice
 27210 | Orc:3    | Found a roughly hewn altar of Beogh.
 27211 | Orc:3    | Found a staircase to the Elven Halls.
 27743 | Orc:4    | Entered Level 4 of the Orcish Mines
 28199 | Orc:4    | Reached skill level 5 in Invocations
 28235 | Orc:4    | Reached skill level 10 in Hexes
 28310 | Orc:4    | Found Acerphosucw's General Store.
 28328 | Orc:4    | Found Haodghiu's Food Boutique.
 28341 | Orc:4    | Found Lisabidi's Food Emporium.
 28370 | Orc:4    | Received a gift from Okawaru
 28538 | Orc:4    | Found Wyuhif's Food Shop.
 29019 | D:8      | Killed Erolcha
 29066 | D:8      | Found a shimmering altar of Xom.
 29601 | D:12     | Found a roughly hewn altar of Beogh.
 30123 | D:13     | Reached skill level 1 in Armour
 30153 | D:13     | Shot with a poisoned bolt by a yaktaur

Action                   |  1- 3 |  4- 6 |  7- 9 | 10-12 | 13-15 || total
-------------------------+-------+-------+-------+-------+-------++-------
Melee: Spear             |   129 |   325 |   306 |       |       ||   760
       Trident           |       |       |   341 |   652 |    60 ||  1053
       Glaive            |       |       |       |    81 |   167 ||   248
       Halberd           |       |       |       |       |  1449 ||  1449
Throw: Javelin           |     1 |    28 |    16 |       |       ||    45
 Cast: Infusion          |     3 |     3 |     6 |     4 |     2 ||    18
       Shroud of Golubri |     1 |     4 |     3 |       |     4 ||    12
       Song of Slaying   |       |     1 |       |       |     7 ||     8
       Regeneration      |       |     1 |       |     1 |    14 ||    16
       Spectral Weapon   |       |       |    10 |    31 |    48 ||    89
       Tukima's Dance    |       |       |       |       |     3 ||     3
Invok: Heroism           |       |       |     3 |     7 |     8 ||    18
Evoke: Wand              |       |     8 |    11 |    11 |     4 ||    34
  Use: Scroll            |       |    12 |    14 |     7 |    10 ||    43
       Potion            |       |       |     1 |     2 |     1 ||     4
 Stab: Sleeping          |     1 |     4 |       |       |     5 ||    10
       Distracted        |       |       |     2 |     1 |     4 ||     7
  Eat: Bread ration      |     1 |       |       |     1 |       ||     2
       Chunk             |       |     7 |    17 |    10 |    48 ||    82
       Meat ration       |       |     1 |       |     3 |     1 ||     5
       Beef jerky        |       |       |     1 |     2 |     2 ||     5
       Pizza             |       |       |       |     1 |       ||     1
       Fruit             |       |       |       |     2 |     5 ||     7
       Royal jelly       |       |       |       |       |     1 ||     1
